[Event "Titled Tuesday Blitz June 6 Late 2023"]
[White "Hajiyev, Kanan"]
[Black "Hoffmann, Asa"]
[WhiteFideId "13404148"]
[BlackFideId "2001470"]
[WhiteElo "2115"]
[BlackElo "2117"]
[Result "1-0"]
[Round "6"]
[TimeControl "180+2"]
[Date "2023.06.07"]
[WhiteClock "0:00:08"]
[BlackClock "0:00:11"]
[Board "87"]

1. d4 Nf6 2. c4 c5 3. Nf3 cxd4 4. Nxd4 e5 5. Nb5 d5 6. cxd5 Bb4+ 7. Bd2 Bc5 8. b4 Bb6 9. d6 Nc6 10. N1c3 O-O 11. Nc7 Rb8 12. b5 Nd4 13. e3 Qxd6 14. exd4 Qxc7 15. d5 Bd4 16. Rc1 Qb6 17. Qf3 Bg4 18. Qg3 Rbc8 19. Be2 Bxe2 20. Nxe2 Ne4 21. Rxc8 Rxc8 22. Qg4 Bxf2+ 23. Kd1 Nd6 24. Rf1 Bd4 25. Nxd4 Qxd4 26. Qxd4 exd4 27. a4 Kf8 28. Rf4 Rc4 29. a5 Nxb5 30. a6 bxa6 31. Rh4 h6 32. Rg4 Nd6 33. h4 f5 34. Rg6 Ne4 35. Rxa6 Ke7 36. Rxa7+ Kf6 37. Bf4 Nc3+ 38. Kd2 Nxd5 39. Ra6+ Kf7 40. Be5 g5 41. h5 f4 42. Rxh6 Ra4 43. Kd3 Ne3 44. Bxd4 Nxg2 45. Rf6+ Ke7 46. Rg6 Ra3+ 47. Ke4 Ra5 48. h6 g4 49. Rxg4 Rh5 50. Rxg2 Rxh6 51. Kxf4 Ke6 52. Ke4 Rh4+ 53. Kd3 Kd5 54. Rg5+ Ke6 55. Kc4 Rf4 56. Rg6+ Kf7 57. Rc6 Ke7 58. Kd5 Rf5+ 59. Be5 Rf1 60. Rc7+ Kd8 61. Ke6 Re1 62. Rb7 Kc8 63. Rb8# 1-0


[Site "https://www.chess.com"]

[Event "Titled Tuesday Blitz June 6 Late 2023"]
[White "Senft, Sean"]
[Black "Liu, Casper"]
[WhiteFideId "2044960"]
[BlackFideId "1454153"]
[WhiteElo "1989"]
[BlackElo "2221"]
[Result "0-1"]
[Round "6"]
[TimeControl "180+2"]
[Date "2023.06.07"]
[WhiteClock "0:01:21"]
[BlackClock "0:01:20"]
[Board "88"]

1. d4 Nf6 2. c4 g6 3. Nc3 d5 4. Bg5 Ne4 5. Bh4 Nxc3 6. bxc3 Bg7 7. e3 c5 8. Nf3 cxd4 9. cxd4 dxc4 10. Bxc4 O-O 11. O-O Nc6 12. Rb1 Bf5 13. Rxb7 Na5 14. Bxe7 Qc8 15. Bxf8 Bxf8 16. Bxf7+ Kh8 17. Rb5 Nc6 18. Bd5 Qa6 19. Qb3 Rc8 20. Rc1 Nxd4 21. Rxc8 Qxc8 22. Qc4 Qxc4 23. Bxc4 Nxb5 24. Bxb5 Be6 25. a4 Bb4 26. Nd4 Bd5 27. f3 Bc5 28. Kf2 Kg7 29. Ke2 Bb7 30. Kd3 Kf6 31. e4 Ke5 32. g3 Bxe4+ 33. fxe4 Bxd4 34. Bc4 Bc5 35. Bg8 h6 36. Bh7 g5 37. Kc4 Be3 38. Kb5 g4 39. Bf5 h5 40. Bg6 Bg1 41. Bxh5 Bxh2 42. Bxg4 Bxg3 43. Bf5 Bf2 44. Kc6 Bg1 45. Kb7 Bf2 46. Kc6 Bg1 47. Kd7 Bf2 48. Ke7 Bg1 49. Kf7 Bf2 50. Kg6 Bg1 51. Kh5 Bf2 52. Kg4 Bd4 53. Kf3 Bc5 54. Ke2 Bb6 55. Kd3 Bc7 56. Kc4 Bd6 57. Kb5 Be7 58. Ka6 Bc5 59. Kb5 Bd4 60. a5 Be3 61. a6 Bf2 62. Kc4 Bg1 63. Kd3 Bf2 64. Ke2 Bb6 65. Kd3 Bc5 66. Kc4 Bg1 67. Kc3 Bf2 68. Kc2 Bd4 69. Kb3 Be3 70. Ka2 Bd4 71. Kb1 Be3 72. Kc2 Bd4 73. Kd1 Bc5 74. Ke2 Bb6 75. Kd3 Bc5 76. Kc4 Bd4 77. Kb5 Bf2 78. Kc6 Bd4 79. Kb7 Bf2 80. Kc8 Be3 81. Kd8 Bf2 82. Ke8 Be3 83. Kf8 Bd4 84. Kg7 Bc5 85. Kh6 Bb6 86. Kh5 Bc5 87. Kh4 Bd4 88. Kh3 Bc5 89. Kg2 Bb6 90. Kf1 Bc5 91. Ke2 Bd4 92. Kd3 Bf2 93. Ke2 Bg1 94. Bg6 Bc5 95. Kd3 Bb6 96. Kc4 Bf2 97. Kb5 Bg1 98. Kc6 Bf2 99. Kb7 Be3 100. Kc6 Bf2 101. Kb5 Bg1 102. Kc4 Kf6 103. Kd3 Kxg6 104. Kc4 Kf7 105. Kd5 Ke7 106. Ke5 Bf2 107. Kd5 Bg3 108. Kd4 Ke6 109. Kc5 Ke5 110. Kc6 Bf2 111. Kb7 Kxe4 112. Kc6 Kd4 113. Kb5 Kd5 114. Ka4 Kc6 115. Kb3 Kb6 116. Ka2 Kxa6 117. Kb1 Kb5 118. Kc2 a5 119. Kb1 a4 120. Ka2 Kb4 121. Kb1 Bd4 122. Ka2 Kc4 123. Kb1 Kb3 124. Kc1 a3 125. Kd2 a2 126. Kd3 a1=Q 127. Ke4 Qc3 128. Kf5 Ba7 129. Ke6 Qc5 130. Kf7 Kb4 131. Kg6 Qd6+ 132. Kh7 0-1


[Site "https://www.chess.com"]

[Event "Titled Tuesday Blitz June 6 Late 2023"]
[White "Mei, Austin"]
[Black "Krzywda, Andrzej"]
[WhiteFideId "30948479"]
[BlackFideId "1114565"]
[WhiteElo "2125"]
[BlackElo "2138"]
[Result "1-0"]
[Round "6"]
[TimeControl "180+2"]
[Date "2023.06.07"]
[WhiteClock "0:01:20"]
[BlackClock "0:00:01"]
[Board "89"]

1. e4 e5 2. Nf3 Nf6 3. Nxe5 d6 4. Nxf7 Kxf7 5. d4 c5 6. Nc3 cxd4 7. Qxd4 Nc6 8. Bc4+ Be6 9. Bxe6+ Kxe6 10. Qc4+ Kd7 11. Bg5 Be7 12. O-O-O Rc8 13. f4 Qb6 14. Rhe1 Nb4 15. Qb3 Ke8 16. a3 Nc6 17. Qe6 Rd8 18. Nd5 Nxd5 19. exd5 Rd7 20. dxc6 Qxc6 21. Bxe7 1-0


[Site "https://www.chess.com"]

[Event "Titled Tuesday Blitz June 6 Late 2023"]
[White "Mayeregger, Arnold"]
[Black "Kohler, Aran"]
[WhiteFideId "3705226"]
[BlackFideId "1002856"]
[WhiteElo "2038"]
[BlackElo "2332"]
[Result "1-0"]
[Round "6"]
[TimeControl "180+2"]
[Date "2023.06.07"]
[WhiteClock "0:01:30"]
[BlackClock "0:00:14"]
[Board "90"]

1. c4 e5 2. Nc3 Nf6 3. g3 d5 4. cxd5 Nxd5 5. Bg2 Nb6 6. d3 Nc6 7. Nf3 Be7 8. O-O O-O 9. Nd2 Be6 10. b3 Qd7 11. Bb2 Bh3 12. Rc1 Bxg2 13. Kxg2 Rad8 14. Kg1 f5 15. Nc4 Nxc4 16. dxc4 Qc8 17. Nd5 Bf6 18. e3 Kh8 19. Qc2 Rf7 20. Rcd1 Re8 21. Rd2 a5 22. a3 Ne7 23. Rfd1 Nxd5 24. Rxd5 f4 25. Qe4 fxe3 26. Qxe3 b6 27. Qe4 Qh3 28. Qg2 Qh5 29. Re1 c6 30. Rd6 Qg5 31. Qxc6 h5 32. Qxe8+ 1-0


[Site "https://www.chess.com"]

[Event "Titled Tuesday Blitz June 6 Late 2023"]
[White "Matthew_Clarke"]
[Black "Santos Flores, Alberto"]
[BlackFideId "3601234"]
[WhiteElo "2274"]
[BlackElo "2235"]
[Result "0-1"]
[Round "6"]
[TimeControl "180+2"]
[Date "2023.06.07"]
[WhiteClock "0:00:19"]
[BlackClock "0:00:44"]
[Board "91"]

1. d4 d5 2. c4 c6 3. Nf3 Nf6 4. e3 Bf5 5. Nc3 e6 6. Nh4 Bg4 7. Qb3 Qb6 8. h3 Bh5 9. g4 Bg6 10. Nxg6 hxg6 11. Bg2 Nbd7 12. Bd2 Be7 13. Na4 Qxb3 14. axb3 Ne4 15. f3 Nxd2 16. Kxd2 O-O 17. e4 dxe4 18. fxe4 e5 19. d5 cxd5 20. cxd5 Rac8 21. Nc3 a6 22. h4 Bb4 23. Kc2 Rc5 24. Raf1 Rfc8 25. Rf3 Nf6 26. Rg3 R5c7 27. h5 g5 28. Rc1 Nd7 29. Rf3 Nc5 30. Rf5 f6 31. h6 Nd7 32. hxg7 Bxc3 0-1


[Site "https://www.chess.com"]

[Event "Titled Tuesday Blitz June 6 Late 2023"]
[White "Martin Barcelo, Carles"]
[Black "Belov, Alexei"]
[WhiteFideId "24561444"]
[BlackFideId "4128206"]
[WhiteElo "2089"]
[BlackElo "2630"]
[Result "1-0"]
[Round "6"]
[TimeControl "180+2"]
[Date "2023.06.07"]
[WhiteClock "0:00:52"]
[BlackClock "0:01:00"]
[Board "92"]

1. e4 e6 2. d4 d5 3. Bd3 dxe4 4. Bxe4 Nf6 5. Bf3 c5 6. Ne2 Nc6 7. Be3 cxd4 8. Nxd4 Ne5 9. Nc3 a6 10. Qe2 Be7 11. O-O-O Qc7 12. Bf4 Nd3+ 13. Qxd3 Qxf4+ 14. Kb1 O-O 15. Rhe1 Qc7 16. Qe3 Bb4 17. a3 Bxc3 18. Qxc3 Qxc3 19. bxc3 Bd7 20. Kb2 Rac8 21. Nb3 Bc6 22. Re3 Nd5 23. Bxd5 Bxd5 24. f3 g5 25. h4 gxh4 26. Rh1 Rc4 27. Nd2 Rf4 28. Ne4 Rd8 29. Nf2 Rd6 30. Nd3 Rb6+ 31. Kc1 Ra4 32. Kd2 Rxa3 33. Rxh4 a5 34. Re5 Rc6 35. Rg5+ Kf8 36. Ne5 f6 37. Rf4 Raxc3 38. Rxf6+ Ke7 39. Rf7+ Kd6 40. Rd7+ Kc5 41. Kxc3 1-0


[Site "https://www.chess.com"]

[Event "Titled Tuesday Blitz June 6 Late 2023"]
[White "Ibadov, Dashgyn"]
[Black "Abduzhaparov"]
[WhiteFideId "24107514"]
[WhiteElo "2208"]
[BlackElo "2407"]
[Result "1-0"]
[Round "6"]
[TimeControl "180+2"]
[Date "2023.06.07"]
[WhiteClock "0:00:05"]
[BlackClock "0:00:04"]
[Board "93"]

1. e4 d6 2. d4 Nf6 3. Nc3 e5 4. Nf3 Nbd7 5. a4 Be7 6. Bc4 O-O 7. O-O c6 8. h3 b6 9. Re1 a6 10. d5 c5 11. Bf1 Kh8 12. Nd2 Ng8 13. Nc4 g6 14. f4 Rb8 15. fxe5 Nxe5 16. Nxe5 dxe5 17. Be3 Bg5 18. Bf2 Nf6 19. a5 Ne8 20. axb6 Qxb6 21. Na4 Qd8 22. Nxc5 Rxb2 23. Nb3 Qc7 24. Bd3 Nd6 25. Ra4 f5 26. exf5 e4 27. Bd4+ Bf6 28. Bxb2 Bxb2 29. Bxe4 Nxe4 30. Raxe4 Bxf5 31. Re7 Qg3 32. R7e3 Qg5 33. Nd4 Qh4 34. Nxf5 Rxf5 35. Re4 Qf2+ 36. Kh1 Rg5 37. Rg1 Be5 38. Rxe5 Rxe5 39. d6 Qh4 40. Qa1 Qf6 41. d7 Kg7 42. d8=Q Qxd8 43. Qxe5+ Kh6 44. Qf4+ Kg7 45. Re1 g5 46. Qe5+ Kh6 47. Qe6+ Kh5 48. Qg4+ Kg6 49. Re6+ Kf7 50. Qf5+ Kg7 51. Qe5+ Kf7 52. Rd6 Qc8 53. Qf6+ Ke8 54. Re6+ 1-0


[Site "https://www.chess.com"]

[Event "Titled Tuesday Blitz June 6 Late 2023"]
[White "Schnaider, Ilan"]
[Black "MrAnnihilation"]
[WhiteFideId "169013"]
[WhiteElo "2224"]
[BlackElo "2405"]
[Result "1-0"]
[Round "6"]
[TimeControl "180+2"]
[Date "2023.06.07"]
[WhiteClock "0:01:02"]
[BlackClock "0:00:01"]
[Board "94"]

1. e4 d6 2. d4 Nf6 3. Nc3 e5 4. Nf3 Nbd7 5. Bc4 Be7 6. O-O O-O 7. a4 c6 8. h3 b6 9. Re1 a6 10. Be3 Rb8 11. d5 b5 12. axb5 cxb5 13. Bd3 Qc7 14. Ne2 Nc5 15. Ng3 g6 16. Qd2 Re8 17. Nh2 h5 18. Bg5 Qd8 19. Bh6 h4 20. Ngf1 Nh7 21. Be3 Bg5 22. Nf3 Bxe3 23. Qxe3 Rb7 24. Qh6 Qf6 25. Nxh4 Rc7 26. Nf3 Bb7 27. Ne3 Rec8 28. Ng4 Qg7 29. Qh4 f6 30. Bf1 1-0


[Site "https://www.chess.com"]

[Event "Titled Tuesday Blitz June 6 Late 2023"]
[White "Gomez Ledo, Roberto Carlos"]
[Black "Ai, Evan"]
[WhiteFideId "3507076"]
[BlackFideId "2094770"]
[WhiteElo "2378"]
[BlackElo "1963"]
[Result "0-1"]
[Round "6"]
[TimeControl "180+2"]
[Date "2023.06.07"]
[WhiteClock "0:00:30"]
[BlackClock "0:01:48"]
[Board "95"]

1. d4 Nf6 2. Bf4 d5 3. e3 c5 4. c3 Nc6 5. Nd2 e6 6. Ngf3 Nh5 7. Be5 f6 8. Bg3 cxd4 9. cxd4 Bd6 10. Bxd6 Qxd6 11. Rc1 O-O 12. Be2 e5 13. dxe5 fxe5 14. O-O Nf6 15. Nc4 Qe7 16. Na3 Bf5 17. Qb3 Kh8 18. Nb5 a6 19. Nc3 d4 20. Na4 d3 21. Bd1 e4 22. Nd4 Nxd4 23. exd4 e3 24. Rc5 e2 25. Rxf5 exf1=Q+ 26. Kxf1 Ne4 0-1


[Site "https://www.chess.com"]

[Event "Titled Tuesday Blitz June 6 Late 2023"]
[White "Ozalp, Burak"]
[Black "Domingo Nunez, Ruben"]
[WhiteFideId "6314210"]
[BlackFideId "22245570"]
[WhiteElo "2106"]
[BlackElo "2404"]
[Result "0-1"]
[Round "6"]
[TimeControl "180+2"]
[Date "2023.06.07"]
[WhiteClock "0:00:17"]
[BlackClock "0:00:30"]
[Board "96"]

1. e4 h5 2. d4 a5 3. Nf3 b6 4. Bc4 Bb7 5. O-O e6 6. Re1 h4 7. h3 d6 8. Bg5 Be7 9. Qd2 Nd7 10. Na3 Rh5 11. Bxe7 Nxe7 12. Rad1 Kf8 13. Nb5 d5 14. exd5 Nxd5 15. a4 Rc8 16. Nc3 N7f6 17. Ne4 Nxe4 18. Rxe4 Nc3 19. Rf4 Bxf3 20. Bxe6 Ne2+ 21. Kh1 Nxf4 22. Qxf4 Qf6 23. Qxf3 Qxf3 24. gxf3 fxe6 0-1


[Site "https://www.chess.com"]

[Event "Titled Tuesday Blitz June 6 Late 2023"]
[White "Smiechu"]
[Black "Perske, Thore"]
[BlackFideId "12902195"]
[WhiteElo "2385"]
[BlackElo "2336"]
[Result "1-0"]
[Round "6"]
[TimeControl "180+2"]
[Date "2023.06.07"]
[WhiteClock "0:01:31"]
[BlackClock "0:01:22"]
[Board "98"]

1. e4 e6 2. d4 d5 3. Bd3 dxe4 4. Bxe4 Nf6 5. Bf3 c5 6. Ne2 Be7 7. O-O O-O 8. g3 cxd4 9. Qxd4 Qxd4 10. Nxd4 e5 11. Nb5 e4 12. Bg2 Nc6 13. N1c3 Bf5 14. Bg5 a6 15. Nc7 Rac8 16. Bxf6 Bxf6 17. N7d5 Bxc3 18. Nxc3 Rfe8 19. Rfe1 Nd4 20. Bxe4 Rxc3 21. Bxf5 Nf3+ 22. Kf1 Rxe1+ 23. Rxe1 Nxe1 24. bxc3 Nf3 25. Bc8 Nxh2+ 26. Kg2 1-0


[Site "https://www.chess.com"]

[Event "Titled Tuesday Blitz June 6 Late 2023"]
[White "Omariev, Maksim"]
[Black "Mieles Palau, Daniel"]
[WhiteFideId "4193423"]
[BlackFideId "3600467"]
[WhiteElo "2417"]
[BlackElo "2344"]
[Result "0-1"]
[Round "6"]
[TimeControl "180+2"]
[Date "2023.06.07"]
[WhiteClock "0:00:01"]
[BlackClock "0:00:14"]
[Board "99"]

1. g4 e5 2. Bg2 Nc6 3. c4 d6 4. h3 g6 5. Nc3 Bg7 6. d3 Nge7 7. e4 h5 8. Bg5 f6 9. Be3 Be6 10. gxh5 Rxh5 11. Nge2 Qd7 12. h4 O-O-O 13. Ng3 Rh7 14. h5 Rdh8 15. hxg6 Rxh1+ 16. Bxh1 f5 17. exf5 Nxf5 18. Be4 Ncd4 19. Qd2 Rh2 20. Nf1 Rh4 21. O-O-O Qe8 22. Bg5 Rg4 23. f3 Rxg5 24. Qxg5 Bh6 25. Qxh6 Nxh6 26. Ne3 Nhf5 27. Nxf5 Bxf5 28. Rg1 Bxe4 29. fxe4 c6 30. Rg2 Qf8 31. Nd1 Qh6+ 32. Kb1 Qh1 33. Rd2 Nf3 0-1


[Site "https://www.chess.com"]

[Event "Titled Tuesday Blitz June 6 Late 2023"]
[White "Jaskolka, Tomasz"]
[Black "Shapiro, Daniel"]
[WhiteFideId "1170791"]
[BlackFideId "2001780"]
[WhiteElo "2155"]
[BlackElo "2371"]
[Result "1-0"]
[Round "6"]
[TimeControl "180+2"]
[Date "2023.06.07"]
[WhiteClock "0:00:48"]
[BlackClock "0:00:01"]
[Board "100"]

1. e4 c5 2. Nf3 e6 3. b4 b6 4. bxc5 bxc5 5. d4 cxd4 6. Nxd4 Nf6 7. Bd3 Bb7 8. Nd2 Qb6 9. c3 Bc5 10. Nc4 Qd8 11. Bf4 d5 12. Ne5 Nxe4 13. Bb5+ Kf8 14. Qf3 Qf6 15. Ng4 Qg6 16. O-O Ba6 17. Ne5 Qf6 18. Bxa6 Nxc3 19. Qxc3 Qxf4 20. Qxc5+ 1-0


[Site "https://www.chess.com"]

[Event "Titled Tuesday Blitz June 6 Late 2023"]
[White "sebastianmarinp"]
[Black "Filgueira, Hernan"]
[BlackFideId "101770"]
[WhiteElo "2370"]
[BlackElo "2363"]
[Result "0-1"]
[Round "6"]
[TimeControl "180+2"]
[Date "2023.06.07"]
[WhiteClock "0:00:01"]
[BlackClock "0:01:10"]
[Board "101"]

1. e4 d6 2. d4 Nf6 3. Nc3 e5 4. Nge2 Be7 5. h3 c6 6. a4 a5 7. g4 O-O 8. Bg2 Na6 9. O-O Nb4 10. Be3 exd4 11. Nxd4 d5 12. e5 Nd7 13. f4 c5 14. Nxd5 cxd4 15. Bxd4 Nxd5 16. Bxd5 Nc5 17. c4 Be6 18. Qf3 Bd7 19. b3 Qb6 20. Rab1 Kh8 21. Kh2 f5 22. g5 Qc7 23. h4 Ne6 24. Be3 Rab8 25. Kg3 b6 26. Rh1 Nc5 27. h5 Ne4+ 28. Bxe4 fxe4 29. Qxe4 Bf5 30. Qf3 Bxb1 31. Rxb1 Qb7 32. Qxb7 Rxb7 33. Kg4 Rd7 34. Bxb6 Bb4 0-1


[Site "https://www.chess.com"]

[Event "Titled Tuesday Blitz June 6 Late 2023"]
[White "Graif, William"]
[Black "Vaglio Munoz, Jaime"]
[WhiteFideId "2609835"]
[BlackFideId "6500145"]
[WhiteElo "2201"]
[BlackElo "2199"]
[Result "1/2-1/2"]
[Round "6"]
[TimeControl "180+2"]
[Date "2023.06.07"]
[WhiteClock "0:00:12"]
[BlackClock "0:00:21"]
[Board "102"]

1. e4 c5 2. a3 Qa5 3. b4 cxb4 4. Bb2 Nc6 5. Nf3 Nf6 6. e5 Nd5 7. axb4 Qxb4 8. Ba3 Qe4+ 9. Be2 Nxe5 10. O-O Nc6 11. c4 Nf4 12. Re1 Nxe2+ 13. Rxe2 Qxc4 14. Nc3 e6 15. Re4 Qd3 16. Re3 Qg6 17. Nb5 Bxa3 18. Nc7+ Kd8 19. Nxa8 Bd6 20. d4 Qh5 21. d5 Qxd5 22. Rd3 Qh5 23. Rxd6 Ke7 24. Nc7 a6 25. Rd2 d5 26. Na8 Rd8 27. Nb6 Kf8 28. Nxc8 Rxc8 29. Nd4 Qxd1+ 30. Raxd1 Ne5 31. Rb2 b5 32. g3 Nc4 33. Rc2 a5 34. Nxb5 Rb8 35. Nc3 Ke7 36. Ne2 Ne5 37. Kf1 Rb4 38. Rcc1 a4 39. Rb1 Re4 40. Nc3 Rc4 41. Rdc1 Nd3 42. Nxd5+ exd5 43. Rxc4 dxc4 44. Ra1 Nb2 45. Ke2 c3 46. Rc1 a3 47. Rxc3 a2 48. Ra3 Nc4 49. Rxa2 Ne5 50. Ra7+ Kf6 51. f4 Nc4 52. Ra6+ Kf5 53. Kf3 h5 54. h3 f6 55. g4+ hxg4+ 56. hxg4+ Kg6 57. f5+ Kg5 58. Ra7 Ne5+ 59. Kg3 g6 60. Rg7 Kh6 61. Ra7 gxf5 62. gxf5 Kg5 63. Ra6 Kxf5 64. Rxf6+ Kxf6 1/2-1/2


[Site "https://www.chess.com"]

[Event "Titled Tuesday Blitz June 6 Late 2023"]
[White "Prydun, Andriy"]
[Black "Aggelis, Nikolaos"]
[WhiteFideId "14145898"]
[BlackFideId "4213220"]
[WhiteElo "2164"]
[BlackElo "2189"]
[Result "1/2-1/2"]
[Round "6"]
[TimeControl "180+2"]
[Date "2023.06.07"]
[WhiteClock "0:00:51"]
[BlackClock "0:01:57"]
[Board "103"]

1. e4 c6 2. d4 d5 3. e5 c5 4. Bd3 cxd4 5. Nf3 Nc6 6. Nbd2 Bg4 7. h3 Bxf3 8. Nxf3 e6 9. O-O Bc5 10. a3 Bb6 11. b4 Nge7 12. Bb2 Ng6 13. Re1 O-O 14. b5 Na5 15. Bxd4 Bxd4 16. Nxd4 Rc8 17. Qh5 Nc4 18. a4 Qb6 19. Nf3 Rc7 20. Re2 Nb2 21. Ng5 h6 22. Nxf7 Rcxf7 23. Qxg6 Rf5 1/2-1/2


[Site "https://www.chess.com"]

[Event "Titled Tuesday Blitz June 6 Late 2023"]
[White "Krishnakumar, Sriram"]
[Black "Mazurkiewicz, Michal"]
[WhiteFideId "30915856"]
[BlackFideId "1124943"]
[WhiteElo "2496"]
[BlackElo "2063"]
[Result "1-0"]
[Round "6"]
[TimeControl "180+2"]
[Date "2023.06.07"]
[WhiteClock "0:00:58"]
[BlackClock "0:00:02"]
[Board "104"]

1. e4 d6 2. d4 Nf6 3. Nc3 c6 4. f4 Qb6 5. Nf3 Bg4 6. Be2 e6 7. h3 Bxf3 8. Bxf3 d5 9. e5 Nfd7 10. Ne2 c5 11. c3 g6 12. O-O Nc6 13. Kh2 cxd4 14. cxd4 Be7 15. Be3 Rc8 16. Qd2 O-O 17. Rfc1 Nb4 18. a3 Nc6 19. b4 Qa6 20. Nc3 b5 21. Be2 Rb8 22. Nxb5 Qb7 23. Rc2 Nb6 24. Rac1 Rfc8 25. Nc3 Bf8 26. Bb5 Ne7 27. Qe2 Nf5 28. Ba6 Qxa6 29. Qxa6 Nxe3 30. Re2 Nf5 31. Ree1 Nxd4 32. Nb5 Nxb5 33. Qxb5 Nc4 34. Qa6 Rc7 35. Qa4 Rbc8 36. h4 1-0


[Site "https://www.chess.com"]

[Event "Titled Tuesday Blitz June 6 Late 2023"]
[White "Campos, Maria Jose"]
[Black "Hristodoulou, Panagiotis"]
[WhiteFideId "146803"]
[BlackFideId "4214340"]
[WhiteElo "2170"]
[BlackElo "2272"]
[Result "0-1"]
[Round "6"]
[TimeControl "180+2"]
[Date "2023.06.07"]
[WhiteClock "0:01:56"]
[BlackClock "0:01:47"]
[Board "105"]

1. c4 Nf6 2. g3 e6 3. Nf3 d5 4. Bg2 d4 5. O-O c5 6. e3 Nc6 7. exd4 cxd4 8. d3 Bd6 9. Bg5 h6 10. Bxf6 Qxf6 11. Nbd2 Qe7 12. Ne4 Bc7 13. Qc2 O-O 14. a3 a5 15. c5 e5 16. Rfe1 Be6 17. Nfd2 f5 18. Nd6 Bxd6 19. cxd6 Qxd6 20. Nc4 Bxc4 21. Qxc4+ Kh8 22. Qb5 Rab8 23. Rac1 e4 24. dxe4 fxe4 25. Bxe4 Ne5 26. Qd5 Qf6 27. f4 Ng4 28. Qxa5 d3 29. Kg2 Qxb2+ 0-1


[Site "https://www.chess.com"]

[Event "Titled Tuesday Blitz June 6 Late 2023"]
[White "Gerbelli Neto, Eduardo"]
[Black "Pasti, Aron"]
[WhiteFideId "2103281"]
[BlackFideId "785857"]
[WhiteElo "2178"]
[BlackElo "2173"]
[Result "0-1"]
[Round "6"]
[TimeControl "180+2"]
[Date "2023.06.07"]
[WhiteClock "0:00:10"]
[BlackClock "0:00:09"]
[Board "106"]

1. e4 c5 2. Nc3 Nc6 3. f4 g6 4. Nf3 Bg7 5. Bc4 e6 6. f5 Nge7 7. fxe6 dxe6 8. d3 Ne5 9. Nxe5 Bxe5 10. O-O Bd7 11. Bg5 Qc7 12. Qf3 Bxh2+ 13. Kh1 O-O 14. Bxe7 Qe5 15. Bf6 Qc7 16. Qh3 Be5 17. Qh4 Bxf6 18. Qxf6 a6 19. e5 b5 20. Bb3 Bc6 21. Rae1 Rad8 22. Ne4 Rd4 23. Qf4 Bxe4 24. Rxe4 Rfd8 25. c3 Rxd3 26. Qf6 c4 27. Bd1 Rxd1 28. Rxd1 Rxd1+ 29. Kh2 Qc6 30. Rf4 Rd7 31. Rd4 Rxd4 32. cxd4 Qd5 33. Qf4 b4 34. a3 c3 35. Qc1 Qb3 36. bxc3 bxc3 37. Qg5 Qd5 38. Qe3 Qc6 39. Qc1 c2 40. Qg5 Qc7 41. Qc1 h5 42. Kg3 Qc3+ 43. Kf4 Qxd4+ 44. Kf3 Qd1+ 0-1


[Site "https://www.chess.com"]

[Event "Titled Tuesday Blitz June 6 Late 2023"]
[White "Baches Garcia, Guillermo"]
[Black "Olsson, William"]
[WhiteFideId "2209764"]
[BlackFideId "1741721"]
[WhiteElo "2483"]
[BlackElo "2197"]
[Result "1-0"]
[Round "6"]
[TimeControl "180+2"]
[Date "2023.06.07"]
[WhiteClock "0:00:26"]
[BlackClock "0:00:15"]
[Board "107"]

1. e4 c5 2. Nf3 d6 3. d4 cxd4 4. Nxd4 Nf6 5. Nc3 g6 6. Be3 Bg7 7. f3 O-O 8. Qd2 Nc6 9. O-O-O d5 10. Nxc6 bxc6 11. Bh6 Be6 12. Bxg7 Kxg7 13. exd5 cxd5 14. g4 Rb8 15. g5 Nh5 16. Nxd5 Qd6 17. Qc3+ f6 18. gxf6+ Nxf6 19. Nxf6 Qf4+ 20. Kb1 Rxf6 21. b3 Qxf3 22. Bd3 Rc8 23. Qe5 Qd5 24. Qe3 Qc5 25. Qe2 Bf5 26. Rhe1 Rc7 27. Bc4 a5 28. Rd8 h6 29. Qd2 Kh7 30. Rg8 Qd6 31. Rh8+ Kxh8 32. Qxh6# 1-0


[Site "https://www.chess.com"]

[Event "Titled Tuesday Blitz June 6 Late 2023"]
[White "Ismayil, Malak"]
[Black "Cardozo Munar, Carlos Eduardo"]
[WhiteFideId "13412604"]
[BlackFideId "4409477"]
[WhiteElo "1868"]
[BlackElo "2067"]
[Result "1-0"]
[Round "6"]
[TimeControl "180+2"]
[Date "2023.06.07"]
[WhiteClock "0:01:57"]
[BlackClock "0:01:30"]
[Board "108"]

1. e4 e6 2. d4 d5 3. Nd2 c5 4. exd5 Qxd5 5. dxc5 Bxc5 6. Ngf3 Nc6 7. Bc4 Qd7 8. O-O Nf6 9. Qe2 O-O 10. Nb3 Bd6 11. Bg5 h6 12. Bxf6 gxf6 13. Rad1 Qc7 14. g3 Kh7 15. Qd3+ f5 16. Qxd6 Qxd6 17. Rxd6 a6 18. Rfd1 Rg8 19. Nc5 Na5 20. Be2 Nc6 21. Nd7 Rg7 22. Nde5 Ne7 23. Rd8 b5 24. Nd7 Rg4 25. Nf6+ Kg6 26. Nxg4 fxg4 27. Ne5+ Kf5 28. Nxf7 Bb7 29. Nd6+ 1-0


[Site "https://www.chess.com"]

[Event "Titled Tuesday Blitz June 6 Late 2023"]
[White "ArchibaldCerveza29"]
[Black "Rodriguez Santiago, Jaime"]
[BlackFideId "3100898"]
[WhiteElo "2480"]
[BlackElo "2025"]
[Result "0-1"]
[Round "6"]
[TimeControl "180+2"]
[Date "2023.06.07"]
[WhiteClock "0:00:47"]
[BlackClock "0:00:13"]
[Board "109"]

1. e4 c6 2. d4 d5 3. exd5 cxd5 4. c4 e6 5. Nc3 Nf6 6. Nf3 Be7 7. c5 O-O 8. Bf4 Nc6 9. Rb1 a6 10. Be2 Re8 11. h3 b6 12. b4 b5 13. O-O Ne4 14. Qc2 Nxc3 15. Qxc3 Bf6 16. Rfe1 Bd7 17. Bg3 g6 18. Bf1 Bg7 19. a3 f6 20. Rbd1 Kh8 21. Re2 Qe7 22. Bd6 Qf7 23. Rde1 g5 24. Ra2 h5 25. Bd3 g4 26. Nh4 f5 27. Be5 Nxe5 28. dxe5 gxh3 29. gxh3 Bc6 30. Qd4 Rg8 31. Kh1 Bh6 32. Raa1 Rg7 33. Rg1 Rag8 34. Rg6 Rxg6 35. Rf1 R6g7 36. f4 Rg3 37. Rf3 Rxf3 38. Nxf3 Qg6 39. Qf2 Bxf4 40. Nh4 Qg3 41. Qxg3 Bxg3 42. Nf3 f4 43. h4 d4 44. Kg1 Bxf3 45. Bg6 Rxg6 46. c6 Bxc6 47. a4 bxa4 48. b5 axb5 49. Kf1 a3 50. Ke2 a2 51. Kd3 a1=Q 52. Ke2 Qb2+ 53. Kd3 Be4+ 54. Kxe4 Qe2+ 55. Kxd4 Bf2+ 56. Kc3 Rg3+ 57. Kb4 Qc4+ 58. Ka5 Ra3# 0-1


[Site "https://www.chess.com"]

[Event "Titled Tuesday Blitz June 6 Late 2023"]
[White "Della Corte, Alessandro"]
[Black "Rios Escobar, Adan"]
[WhiteFideId "813540"]
[BlackFideId "3403645"]
[WhiteElo "2205"]
[BlackElo "2475"]
[Result "1-0"]
[Round "6"]
[TimeControl "180+2"]
[Date "2023.06.07"]
[WhiteClock "0:00:27"]
[BlackClock "0:00:04"]
[Board "110"]

1. d4 Nf6 2. c4 g6 3. Nf3 Bg7 4. Nc3 O-O 5. e4 d6 6. Be2 Na6 7. O-O e5 8. Re1 Bg4 9. Be3 c6 10. d5 c5 11. a3 Nh5 12. g3 f5 13. Ng5 Bxe2 14. Qxe2 f4 15. Ne6 Qd7 16. Nxf8 Rxf8 17. Bd2 Qh3 18. Qf1 Qd7 19. Qg2 f3 20. Qf1 Nc7 21. b4 b6 22. bxc5 bxc5 23. Rab1 Ne8 24. Rb3 Rf7 25. Nd1 Bf8 26. Ree3 Nef6 27. Rxf3 Nxe4 28. Rxf7 Qxf7 29. Be3 Be7 30. Qh3 Ng7 31. Rb8+ Bf8 32. g4 h5 33. gxh5 gxh5 34. Qg2 Qf5 35. Bh6 Qg4 36. Qxg4 hxg4 37. Ne3 Nf6 38. Bxg7 Kxg7 39. Nf5+ Kf7 40. Rb7+ Kg6 41. Rxa7 Ne4 42. Ng3 Nd2 43. a4 Nxc4 44. a5 Bh6 45. a6 Nb6 46. Rb7 Na8 47. a7 c4 48. Rb8 Be3 49. Rxa8 Bc5 50. Ne4 Bxa7 51. Rxa7 c3 52. Rc7 Kf5 53. Nxd6+ Kf4 54. Rxc3 g3 55. hxg3+ Kg4 56. Ne4 Kh3 57. d6 Kg4 58. d7 Kf5 59. d8=Q Ke6 60. Qd6+ Kf5 61. Rf3+ Kg4 62. Kg2 Kh5 63. Rf5+ Kg4 64. Qg6# 1-0


[Site "https://www.chess.com"]